 Dungeon Crawl Stone Soup version bcrawl-1.22 (webtiles) character file.

Game seed: 18191001922426621227

168 Morbidden the Sneak (level 5, -1/30 HPs)
             Began as a Vine Stalker Archaeologist on May 21, 2020.
             Slain by a big kobold
             ... wielding a +1 whip of pain
              (2 damage)
             ... in a sewer.
             The game lasted 00:06:26 (1939 turns).

Morbidden the Sneak (Vine Stalker Archaeologist)    Turns: 1939, Time: 00:06:26

Health: -1/30      AC:  7    Str: 19    XL:     5   Next: 48%
Magic:  6/6        EV: 14    Int: 14    God:
Gold:   93         SH:  0    Dex: 13    Spells: 4/4 levels left

rFire    . . .     SeeInvis .     - Unarmed
rCold    . . .     Gourm    .   (no shield)
rNeg     . . .     Faith    .   b - +1 robe
rPois    .         Spirit   .   c - +1 hat
rElec    .         Reflect  .   (no cloak)
rCorr    .         Harm     .   p - +0 pair of gloves
MR       .....                  d - +1 pair of boots
Stlth    +++.......             (no amulet)
HPRegen  0.50/turn              (no ring)
MPRegen  0.10/turn              (no ring)

@: mighty, swift (expiring), flying (expiring), quick
A: fangs 2, regeneration 1, no potion heal 3, rot immunity, strong jaws
a: no special abilities


You were in a sewer.
You were very hungry.

You visited 1 branch of the dungeon, and saw 3 of its levels.
You also visited: Sewer.

You collected 93 gold pieces.

Inventory:

Armour
 b - a +1 robe (worn)
 c - a +1 hat (worn)
 d - a +1 pair of boots (worn)
 p - a +0 pair of gloves (worn)
Scrolls
 g - 2 scrolls of magic mapping
 h - a scroll of fear {unknown}
 k - a scroll of immolation {unknown}
 l - a scroll of remove curse {unknown}
 n - a scroll of enchant armour {unknown}
 t - a scroll of teleportation {unknown}
Potions
 a - 3 potions of curing
 i - a potion of might
 m - 2 potions of flight
 o - 2 potions of lignification {unknown}
 q - 2 potions of heal wounds {unknown}
 r - a potion of brilliance {unknown}
 s - a potion of agility
Comestibles
 e - 5 rations {!d}


   Skills:
 * Level 2.1 Fighting
   Level 0.8 Maces & Flails
 + Level 4.2 Dodging
 + Level 5.3 Stealth
 + Level 2.5 Unarmed Combat


You had 4 spell levels left.
You didn't know any spells.
Your spell library was empty.

Dungeon Overview and Level Annotations

Branches:
Dungeon (3/12)

Altars:


Innate Abilities, Weirdness & Mutations

You have extremely sharp teeth.
Your natural rate of healing is unusually fast.
Potions cannot restore your health.
You are immune to rotting.
Your bites deal extra damage.


Message History

You hit the big kobold. Your bite misses the big kobold.
The big kobold is severely wounded.
You start to feel a little slower.
You closely miss the big kobold.
The big kobold is severely wounded.
The big kobold hits you but does no damage.
The big kobold hits you with a +0 short sword.
* * * LOW HITPOINT WARNING * * *
Unknown command.
The big kobold hits you with a +1 whip of pain.
* * * LOW HITPOINT WARNING * * *
The big kobold hits you but does no damage.
You writhe in agony.
* * * LOW HITPOINT WARNING * * *
You see here a dagger.
The big kobold hits you but does no damage.
The big kobold hits you with a +1 whip of pain.
* * * LOW HITPOINT WARNING * * *
You writhe in agony.
You die...

###### ###### #....#
#....# #..∩.# #.∩..#
#.)†.#####.)K.#
#....#≈≈≈#.@K.#
###''##≈≈≈##)[##
#..≈≈≈≈≈≈≈#≈)))###
#..P≈P#≈≈≈#≈≈≈...#
#...≈≈#≈≈≈#≈.≈...##
#..≈≈P#≈≈≈#.......#
#.....#≈≈≈#P......#
#.....#≈≈≈#≈......#
##....#≈≈≈#≈≈P....##


You could see 2 big kobolds.

Vanquished Creatures
  A big kobold (Sewer)
  An adder (D:3)
  2 oozes
  2 worms (D:3)
  2 dart slugs
  5 bats
  6 giant cockroaches
  7 goblins
  5 hobgoblins
  3 jackals (D:2)
  3 quokkas
  3 ball pythons
  4 frilled lizards
  15 kobolds
  6 rats
65 creatures vanquished.

Notes
Turn   | Place    | Note
-------+----------+-------------------------------------------
     0 | D:1      | Morbidden the Vine Stalker Archaeologist began the quest
                  | for the Orb.
     0 | D:1      | Reached XP level 1. HP: 11/11 MP: 2/2
    63 | D:1      | Reached skill level 1 in Fighting
    86 | D:1      | Reached XP level 2. HP: 14/16 MP: 3/3
   429 | D:1      | Reached skill level 5 in Stealth
   702 | D:2      | Reached XP level 3. HP: 20/20 MP: 4/4
   889 | D:2      | Reached skill level 1 in Unarmed Combat
  1310 | D:3      | Reached XP level 4. HP: 26/26 MP: 5/5
  1432 | D:3      | Found a glowing drain.
  1503 | Sewer    | Entered a sewer
  1875 | Sewer    | Noticed a big kobold
  1875 | Sewer    | Noticed a big kobold
  1875 | Sewer    | Noticed a big kobold
  1928 | Sewer    | Killed a big kobold
  1928 | Sewer    | Reached XP level 5. HP: 13/30 MP: 6/6
  1928 | Sewer    | Identified a scroll of acquirement
  1939 | Sewer    | HP: 1/30 [big kobold/+1 whip of pain (2)]
  1939 | Sewer    | Slain by a big kobold

Skill      XL: |  1  2  3  4 |
---------------+-------------+-----
Fighting       | 1 2 |  2.1
Stealth        | 5 |  5.3
Unarmed Combat | 1 2 |  2.5
Dodging        | 4 |  4.2
Maces & Flails | |  0.8

Action                   |  1- 3 |  4- 6 || total
-------------------------+-------+-------++-------
Melee: Unarmed           |   283 |   185 ||   468
       Bite              |    28 |    15 ||    43
       Punch             |       |     1 ||     1
  Use: Scroll            |     1 |     3 ||     4
       Potion            |       |     2 ||     2
 Stab: Sleeping          |     7 |     4 ||    11
  Eat: Chunk             |     2 |     1 ||     3
Armor: Robe              |   122 |    88 ||   210
Dodge: Dodged            |   259 |   178 ||   437
